 Dungeon Crawl Stone Soup version 0.14.2 (webtiles) character file.

38 Amnesiac the Charlatan (level 2, 0/15 HPs)
             Began as a Spriggan Artificer on Feb 11, 2018.
             Slain by a bat (1 damage)
             ... on Level 2 of the Dungeon.
             The game lasted 00:01:08 (1266 turns).

Amnesiac the Charlatan (Spriggan Artificer)         Turns: 1266, Time: 00:01:08

HP   0/15        AC  2     Str  7      XL: 2   Next: 58%
MP   5/5         EV 18     Int 13      God:
Gold 18          SH  0     Dex 16      Spells:  0 memorised,  1 level left

rFire  . . .     SeeInvis +     a - +0 short sword
rCold  . . .     Clarity  .     e - +0 robe
rNeg   . . .     Conserve .     (shield restricted)
rPois  .         rCorr    .     (helmet restricted)
rElec  .         rRot     .     (no cloak)
SustAb . .       Spirit   .     (gloves unavailable)
rMut   .         Warding  .     (boots unavailable)
Saprov . . .     Stasis   .     (no amulet)
MR     .....                    (no ring)
                                (no ring)

@: very quick, not resistant to hostile enchantments, fairly stealthy
A: unfitting armour, see invisible, herbivore 3, speed 3, slow metabolism 2
a: no special abilities


You were on level 2 of the Dungeon.
You were not hungry.

You visited 1 branch of the dungeon, and saw 2 of its levels.

You collected 18 gold pieces.

Inventory:

Hand weapons
 a - a +0,+0 short sword (weapon)
Missiles
 h - 7 poisoned needles
Armour
 e - a +0 robe (worn)
Magical devices
 b - a wand of flame (15)
 c - a wand of enslavement (15)
 d - a wand of random effects (15)
Comestibles
 l - a bread ration
Scrolls
 g - 6 scrolls of remove curse {!r, unknown}
 m - a scroll of identify {!r, unknown}
 o - 2 scrolls of noise {!r, unknown}
 p - a scroll of teleportation {!r, unknown}
Potions
 f - a potion of porridge {!q}
 i - a potion of degeneration {!q, unknown}
 j - a potion of haste {!q, unknown}
 k - 2 potions of curing {!q, unknown}
 n - a potion of magic {!q, unknown}
 q - a potion of heal wounds {!q, unknown}
 r - a potion of agility {!q, unknown}


   Skills:
 - Level 2.0 Fighting
 + Level 1.4 Short Blades
 - Level 3.0 Dodging
 - Level 1.5 Stealth
 - Level 4.0 Evocations


You had one spell level left.
You didn't know any spells.

Dungeon Overview and Level Annotations

Branches:
Dungeon (2/15)

Altars:


Innate Abilities, Weirdness & Mutations

You are tiny and cannot use many weapons and most armour.
You have supernaturally acute eyesight.
You are a herbivore.
You cover ground extremely quickly.
You need consume almost no food.


Message History

No target in view!
No target in view!
No target in view!
No target in view!
No target in view!
No target in view!
No target in view!
Done exploring.
No target in view!
Done exploring.
No target in view!
Done exploring.
No target in view!
Done exploring.
No target in view!
HP restored.
There is a stone staircase leading down here.
You climb downwards.
Found two items.
Found a stone staircase leading up.
There is a stone staircase leading up here.
r - a metallic yellow potion {!q}
g - 6 scrolls labeled SOL UPTEANG {!r} (gained 1)
A bat comes into view.
You see here a sedimented purple potion {!q}.
A worm comes into view.
The bat hits you but does no damage.
You miss the bat. The bat completely misses you.
You hit the worm but do no damage. The bat misses you.
You barely miss the worm. The bat misses you. The worm closely misses you.
You hit the worm.
The worm is lightly wounded.
The bat hits you but does no damage. The worm barely misses you.
You hit the worm.
The worm is lightly wounded.
The bat closely misses you.
You hit the worm.
The worm is moderately wounded.
The bat closely misses you. The worm bites you!
Ouch! That really hurt!
* * * LOW HITPOINT WARNING * * *
You hit the worm.
The worm is heavily wounded.
The bat misses you.
You hit the worm.
The worm is severely wounded.
The bat hits you but does no damage. The worm barely misses you.
You barely miss the worm.
The worm is severely wounded.
The bat barely misses you. The worm bites you.
* * * LOW HITPOINT WARNING * * *
You are too injured to fight recklessly!
You are too injured to fight recklessly!
You hit the worm but do no damage.
The worm is severely wounded.
The bat completely misses you.
You hit the worm.
The worm is severely wounded.
The bat completely misses you. The worm closely misses you.
You barely miss the bat. The bat hits you but does no damage.
The bat barely misses you.
A goblin comes into view. It is wielding a dagger.
You hit the bat but do no damage. The bat completely misses you.
The bat hits you.
You die...

... ..... # ###...# .g.
.......##.. ...........
.. .......... ...
......... ###....
#....###.......
.###...@b.......# .
.................#..
#..................
..........w.........#
............!.........#
..............##........#
...##..........##........
...............+.........
.........#.....#......#..


You could see a worm, a goblin (sleeping) and a bat.

Vanquished Creatures
  A goblin (D:1)
  3 hobgoblins (D:1)
  4 jackals (D:1)
  6 bats (D:1)
  4 rats (D:1)
18 creatures vanquished.

Notes
Turn   | Place    | Note
--------------------------------------------------------------
     0 | D:1      | Amnesiac, the Spriggan Artificer, began the quest for the Orb.
     0 | D:1      | Reached XP level 1. HP: 9/9 MP: 2/2
    93 | D:1      | Reached skill level 1 in Fighting
   596 | D:1      | Reached XP level 2. HP: 14/14 MP: 5/5
  1266 | D:2      | Slain by a bat

Action                   || total
-------------------------++-------
Melee: Short sword       ||    94
 Stab: Sleeping          ||     2
